 Dungeon Crawl Stone Soup version 0.30-a0-1074-g5db6f66fbb (webtiles) character file.

Game seed: 17312786314945508130

202 jimonade the Grasshopper (level 5, 0/43 HPs)
             Began as a Gnoll Warper on Apr 14, 2023.
             Slain by an orc wizard
             ... wielding a +0 dagger
              (2 damage)
             ... on level 4 of the Dungeon.
             The game lasted 00:05:22 (2855 turns).

jimonade the Grasshopper (Gnoll Warper)             Turns: 2855, Time: 00:05:23

Health: 0/43       AC:  6    Str: 11    XL:     5   Next: 80%
Magic:  12/12      EV: 12    Int: 12    God:
Gold:   232        SH:  0    Dex: 13    Spells: 7/14 levels left

rFire   + . .      SeeInvis .    b - +1 sling (elec)
rCold   . . .      Faith    .    (no shield)
rNeg    . . .      Spirit   .    u - +1 ring mail {rF+}
rPois   .          Reflect  .    (no helmet)
rElec   .          Rampage  .    (no cloak)
rCorr   .                        (no gloves)
Will    .....                    (no boots)
Stlth   +                        i - amulet of the acrobat
HPRegen 0.27/turn                (no ring)
MPRegen 0.13/turn                (no ring)

@: no status effects
A: fangs 1, strong nose, distributed training
a: no special abilities


You were on level 4 of the Dungeon.
You visited 1 branch of the dungeon, and saw 4 of its levels.

You collected 232 gold pieces.

Inventory:

Hand Weapons
 a - a +3 spear
 b - a +1 sling of electrocution (weapon)
 n - a +0 short sword
 D - a +2 whip of pain
 E - a +2 dagger of speed
Missiles
 d - 7 boomerangs of dispersal
 g - 29 stones
 m - 4 poisoned darts
 F - 5 atropa-tipped darts
Armour
 o - a +0 leather armour
 u - a +1 ring mail of fire resistance (worn)
 z - a +0 tower shield
Jewellery
 i - an amulet of the acrobat (around neck)
 v - a ring of fire
Scrolls
 c - 2 scrolls of blinking
 e - 3 scrolls of fog {unknown}
 f - 6 scrolls of identify {unknown}
 h - 2 scrolls of enchant armour {unknown}
 j - a scroll of teleportation {unknown}
 k - a scroll of acquirement {unknown}
 l - 2 scrolls of poison {unknown}
 t - a scroll of enchant weapon {unknown}
 w - a scroll of brand weapon {unknown}
 x - a scroll of immolation {unknown}
 y - a scroll of noise {unknown}
 B - a scroll of fear {unknown}
Potions
 p - 2 potions of brilliance {unknown}
 q - a potion of magic {unknown}
 r - a potion of flight {unknown}
 s - a potion of haste {unknown}
 A - a potion of lignification {unknown}
 C - 2 potions of mutation {unknown}


   Skills:
 + Level 4.9 Fighting
 + Level 4.9 Short Blades
 + Level 1.7 Long Blades
 + Level 1.7 Axes
 + Level 1.7 Maces & Flails
 + Level 1.7 Polearms
 + Level 1.7 Staves
 + Level 1.7 Ranged Weapons
 + Level 3.1 Throwing
 + Level 3.1 Armour
 + Level 4.9 Dodging
 + Level 1.7 Stealth
 + Level 1.7 Shields
 + Level 1.7 Unarmed Combat
 + Level 5.2 Spellcasting
 + Level 1.3 Conjurations
 + Level 1.3 Hexes
 + Level 1.3 Summonings
 + Level 1.3 Necromancy
 + Level 5.6 Translocations
 + Level 1.3 Transmutations
 + Level 1.3 Fire Magic
 + Level 1.3 Ice Magic
 + Level 1.3 Air Magic
 + Level 1.3 Earth Magic
 + Level 1.3 Poison Magic
 + Level 1.9 Invocations
 + Level 1.7 Evocations


You had 7 spell levels left.
You knew the following spells:

 Your Spells              Type           Power      Damage    Failure   Level
a - Blink                 Tloc           32%        N/A       7%          2
b - Lesser Beckoning      Tloc           32%        N/A       7%          2
c - Gell's Gravitas       Tloc           16%        N/A       13%         3

Your spell library contained the following spells:

 Spells                   Type           Power      Damage    Failure   Level
 Teleport Other           Tloc           16%        N/A       13%         3
 Vhi's Electric Charge    Tloc/Air       22%        N/A       32%         3
 Manifold Assault         Tloc           16%        N/A       41%         4
 Dispersal                Tloc           8%         N/A       100%        6


Dungeon Overview and Level Annotations

Branches:
Dungeon (4/15)
 Temple: D:4-7

Altars:
Cheibriados
Hepliaklqana
Makhleb
Nemelex Xobeh
Okawaru
Sif Muna
Xom


Innate Abilities, Weirdness & Mutations

You have very sharp teeth.
Your uncanny sense of smell can sniff out nearby items.
Your experience applies equally to all skills.


Message History

Something hits you.
* * * LOW HITPOINT WARNING * * *
Something hits you.
* * * LOW HITPOINT WARNING * * *
Fire: b) +1 sling (elec)
Press: ? - help, Q - select action, (/) - cycle Shift-Dir - straight line You shoot a sling bullet.
Something hits you.
* * * LOW HITPOINT WARNING * * *
Fire: b) +1 sling (elec)
Press: ? - help, Q - select action, (/) - cycle Shift-Dir - straight line You shoot a sling bullet.
Something hits you.
* * * LOW HITPOINT WARNING * * *
Something hits you.
* * * LOW HITPOINT WARNING * * *
Fire: b) +1 sling (elec)
Press: ? - help, Q - select action, (/) - cycle Shift-Dir - straight line You shoot a sling bullet.
You hear some strange, mumbled words.
A puff of flame appears from out of thin air!
The puff of flame hits you. You resist.
* * * LOW HITPOINT WARNING * * *
Fire: b) +1 sling (elec)
Press: ? - help, Q - select action, (/) - cycle Shift-Dir - straight line You shoot a sling bullet.
You hear some strange, mumbled words.
A magic dart appears from out of thin air!
The magic dart hits you.
* * * LOW HITPOINT WARNING * * *
Something completely misses you.
Fire: b) +1 sling (elec)
Press: ? - help, Q - select action, (/) - cycle Shift-Dir - straight line You shoot a sling bullet.
Something hits you but does no damage.
Fire: b) +1 sling (elec)
Press: ? - help, Q - select action, (/) - cycle Shift-Dir - straight line You shoot a sling bullet.
Something hits you.
You die...

#. ###.## .....o####
..o.....)# #.####.#.##{# # #.#
#. #@# 8## #.# #.#.##.###
.#####.# #.#......# .8#.##.#
#.####.#.# ##.##.# #.# #.#.#
########## #.##.# #.# #.#.#
##.....†... #..#.####.# #.#.#
##...#######
##.......#.####.#.###.....####
#..<#..).......[#............#


There were no monsters in sight!

Vanquished Creatures
  A phantom (D:4)
  3 adders
  2 dart slugs
  6 orcs (D:4)
  4 ball pythons
  4 bats
  12 endoplasms
  4 giant cockroaches
  7 goblins
  8 hobgoblins
  2 jackals (D:1)
  11 kobolds
  2 quokkas
  2 frilled lizards (D:1)
  6 rats
74 creatures vanquished.

Vanquished Creatures (others)
  An orc wizard (D:4)
  A ball python (D:1)
2 creatures vanquished.

Grand Total: 76 creatures vanquished

Notes
Turn   | Place    | Note
-------+----------+-------------------------------------------
     0 | D:1      | jimonade the Gnoll Warper began the quest for the Orb.
     0 | D:1      | Reached XP level 1. HP: 20/20 MP: 6/6
   100 | D:1      | Reached XP level 2. HP: 26/26 MP: 7/7
   389 | D:1      | Reached skill level 5 in Spellcasting
   389 | D:1      | Reached XP level 3. HP: 20/31 MP: 7/9
   806 | D:2      | Reached skill level 1 in Invocations
   867 | D:2      | Reached skill level 1 in Long Blades
   867 | D:2      | Reached skill level 1 in Axes
   867 | D:2      | Reached skill level 1 in Maces & Flails
   867 | D:2      | Reached skill level 1 in Polearms
   867 | D:2      | Reached skill level 1 in Staves
   867 | D:2      | Reached skill level 1 in Ranged Weapons
   867 | D:2      | Reached skill level 1 in Stealth
   867 | D:2      | Reached skill level 1 in Shields
   867 | D:2      | Reached skill level 1 in Unarmed Combat
   867 | D:2      | Reached skill level 1 in Evocations
  1076 | D:2      | Reached XP level 4. HP: 36/38 MP: 11/11
  1753 | D:3      | Reached skill level 1 in Conjurations
  1753 | D:3      | Reached skill level 1 in Hexes
  1753 | D:3      | Reached skill level 1 in Summonings
  1753 | D:3      | Reached skill level 1 in Necromancy
  1753 | D:3      | Reached skill level 1 in Transmutations
  1753 | D:3      | Reached skill level 1 in Fire Magic
  1753 | D:3      | Reached skill level 1 in Ice Magic
  1753 | D:3      | Reached skill level 1 in Air Magic
  1753 | D:3      | Reached skill level 1 in Earth Magic
  1753 | D:3      | Reached skill level 1 in Poison Magic
  1754 | D:3      | Found an iron altar of Okawaru.
  1810 | D:3      | Learned a level 2 spell: Blink
  1813 | D:3      | Learned a level 2 spell: Lesser Beckoning
  1817 | D:3      | Learned a level 3 spell: Gell's Gravitas
  1848 | D:3      | Found a shimmering altar of Xom.
  1959 | D:3      | Found a sparkling altar of Nemelex Xobeh.
  2267 | D:4      | Found a hazy altar of Hepliaklqana.
  2384 | D:4      | Found a snail-covered altar of Cheibriados.
  2482 | D:4      | Found a shimmering blue altar of Sif Muna.
  2655 | D:4      | Found a burning altar of Makhleb.
  2743 | D:4      | Noticed a phantom
  2757 | D:4      | Killed a phantom
  2758 | D:4      | Reached XP level 5. HP: 28/43 MP: 12/12
  2853 | D:4      | HP: 1/43 [something/magic dart (3)]
  2855 | D:4      | Slain by an orc wizard

Illustrated notes

Levels and vault maps discovered:
D:1:      dpeg_arrival_simpleton_c, layout_basic
D:2:      layout_basic, minmay_fractal_squares_gapless_5
D:3:      layout_rooms, nemelex_diamond_rough_becter,
          nicolae_overflow_crystal_walls, mainiacjoe_overflow_alcove_1
D:4:      layout_loops_ring, kennysheep_mini_moat, lemuel_blue_sif_altar,
          nicolae_overflow_hidden_temple

Skill      XL: |  1  2  3  4 |
---------------+-------------+-----
Spellcasting   | 5 |  5.2
Invocations    | 1 |  1.9
Long Blades    | 1 |  1.7
Axes           | 1 |  1.7
Maces & Flails | 1 |  1.7
Polearms       | 1 |  1.7
Staves         | 1 |  1.7
Ranged Weapons | 1 |  1.7
Stealth        | 1 |  1.7
Shields        | 1 |  1.7
Unarmed Combat | 1 |  1.7
Evocations     | 1 |  1.7
Conjurations   | 1 |  1.3
Hexes          | 1 |  1.3
Summonings     | 1 |  1.3
Necromancy     | 1 |  1.3
Transmutations | 1 |  1.3
Fire Magic     | 1 |  1.3
Ice Magic      | 1 |  1.3
Air Magic      | 1 |  1.3
Earth Magic    | 1 |  1.3
Poison Magic   | 1 |  1.3
Throwing       | 3 |  3.1
Armour         | 3 |  3.1
Fighting       | |  4.9
Short Blades   | |  4.9
Dodging        | |  4.9
Translocations | |  5.6

Action                     |  1- 3 |  4- 6 || total
---------------------------+-------+-------++-------
  Melee: Short sword       |   113 |       ||   113
         Bite              |     7 |       ||     7
         Punch             |     4 |       ||     4
         Spear             |     7 |       ||     7
   Fire: Sling             |    28 |   132 ||   160
 Armour: Leather armour    |    27 |       ||    27
         Ring mail         |       |    32 ||    32
  Dodge: Dodged            |    59 |    58 ||   117

Table legend: (Time is in decaauts)
 A = Elapsed time spent in this place.
 B = Non-inter-level travel time spent in this place.
 C = Inter-level travel time spent in this place.
 D = Time resting spent in this place.
 E = Time spent auto-exploring this place.
 F = Levels seen in this place.
 G = Mean time per level.
                   A        B        C        D        E       F      G
               +--------+--------+--------+--------+--------+-----+--------+
         Total |   2902 |   2847 |     55 |      0 |   2189 |   4 |  725.5 |
       Dungeon |   2902 |   2847 |     55 |      0 |   2189 |   4 |  725.5 |
               +--------+--------+--------+--------+--------+-----+--------+

Top non-repeatable levels by time:
     D:4: 807 daAuts
     D:2: 778 daAuts
     D:1: 738 daAuts
     D:3: 578 daAuts
